Map: Ruby Rock LE

Players

Midaraine - Winner!

  • Race: Protoss Protoss
  • Spawn Location: 5:00

VOD

Have the link to the VOD?

Description

Time

  • Played on: June 19, 2026, 4:40 p.m.
  • Length: 16:02
Show
View Real Time Build Order
Export as new Build Order

Midaraine Protoss - Winner!

Build Orders:  

Get SALT Encoding   

  12  0:06  Probe (Chrono Boost)  
  13  0:23  Pylon  
  13  0:27  Probe (Chrono Boost)  
  14  0:44  Probe (Chrono Boost)  
  15  0:51  Gateway  
  16  1:01  Probe (Chrono Boost)  
  16  1:13  Assimilator  
  16  1:18  Probe (Chrono Boost)  
  17  1:35  Probe (Chrono Boost)  
  18  1:52  Probe (Chrono Boost)  
  19  2:02  Cybernetics Core  
  19  2:15  Assimilator  
  19  2:24  Probe (Chrono Boost)  
  21  2:41  Probe (Chrono Boost)  
  21  2:59  Probe (Chrono Boost)  
  22  3:14  Twilight Council  
  22  3:38  Nexus  
  22  3:40  Pylon  
  23  3:51  Probe (Chrono Boost)  
  23  4:08  Probe (Chrono Boost)  
  24  4:13  Warp Gate  
  25  4:40  Probe (Chrono Boost)  
  25  4:53  Probe (Chrono Boost)  
  26  5:04  Probe (Chrono Boost)  
  27  5:17  Probe (Chrono Boost)  
  29  5:22  Probe (Chrono Boost)  
  29  5:25  Charge  
  29  5:26  Assimilator  
  29  5:34  Probe (Chrono Boost), Assimilator  
  29  5:37  Probe (Chrono Boost)  
  31  5:40  Robotics Facility  
  31  5:46  Probe (Chrono Boost)  
  31  5:48  Probe (Chrono Boost)  
  32  5:57  Probe (Chrono Boost)  
  32  5:59  Probe (Chrono Boost)  
  35  6:11  Probe (Chrono Boost)  
  35  6:16  Probe (Chrono Boost)  
  35  6:17  Zealot  
  39  6:28  Probe (Chrono Boost)  
  40  6:33  Probe (Chrono Boost)  
  41  6:45  Probe (Chrono Boost), Zealot  
  45  6:50  Probe (Chrono Boost)  
  45  7:02  Probe (Chrono Boost)  
  45  7:07  Robotics Bay  
  46  7:22  Pylon  
  46  7:28  Pylon  
  46  7:42  Observer  
  46  7:48  Stalker  
  49  8:16  Colossus  
  55  8:22  Zealot  
  57  8:45  Zealot  
  59  9:35  Nexus  
  59  9:37  Zealot  
  59  10:23  Zealot  
  53  10:42  Colossus  
  59  11:04  Probe x2 (Chrono Boost)  
  61  11:13  Pylon  
  64  11:20  Probe (Chrono Boost)  
  64  11:21  Probe x2 (Chrono Boost)  
  64  11:22  Zealot  
  66  11:33  Gateway  
  66  11:37  Probe (Chrono Boost)  
  66  11:38  Gateway  
  67  11:48  Probe x2 (Chrono Boost)  
  69  11:54  Probe (Chrono Boost)  
  69  11:57  Zealot  
  72  12:01  Colossus  
  72  12:05  Probe x2 (Chrono Boost)  
  80  12:28  Stalker  
  82  12:35  Pylon  
  82  12:44  Probe x3 (Chrono Boost)  
  85  13:02  Pylon  
  85  13:03  Probe (Chrono Boost)  
  85  13:04  Zealot  
  85  13:07  Stalker  
  85  13:08  Stalker  
  92  13:18  Pylon  
  92  14:07  Pylon  
  92  14:46  Zealot  
  92  14:47  Zealot x2  
  98  15:22  Zealot  
  98  15:23  Zealot x2  
Tags
 
Add a new tag
Caveats
  • Supply blocks, unpowered buildings, or Contaminate may cause inaccurate times.
  • Supply counts are checked every 10 seconds.